 Dungeon Crawl Stone Soup version 0.22.1-1-ga44c0e5 (webtiles) character file.

44 KyallowQueen the Caller (level 3, -3/19 HPs)
             Began as a Kobold Summoner on Nov 1, 2018.
             Was an Initiate of Nemelex Xobeh.
             Slain by a quokka (5 damage)
             ... on level 4 of the Dungeon.
             The game lasted 00:21:06 (1245 turns).

KyallowQueen the Caller (Kobold Summoner)           Turns: 1245, Time: 00:21:07

Health: -3/19      AC:  1    Str:  5    XL:     3   Next: 87%
Magic:  4/7        EV: 15    Int: 17    God:    Nemelex Xobeh [......]
Gold:   30         SH:  0    Dex: 15    Spells: 4/7 levels left

rFire    . . .     SeeInvis .   g - -3 dagger (curse)
rCold    . . .     Gourm    .   (shield restricted)
rNeg     . . .     Faith    .   (no armour)
rPois    .         Spirit   .   m - +0 helmet
rElec    .         Reflect  .   (no cloak)
rCorr    .         Harm     .   (no gloves)
MR       .....                  (no boots)
Stlth    +.........             (no amulet)
HPRegen  0.06/turn              b - ring of attention (curse)
MPRegen  0.10/turn              (no ring)

@: no status effects
A: small, carnivore
a: Renounce Religion


You were on level 4 of the Dungeon.
You worshipped Nemelex Xobeh.
Nemelex Xobeh was noncommittal.
You were full.

You visited 1 branch of the dungeon, and saw 4 of its levels.

You collected 30 gold pieces.

Inventory:

Hand Weapons
 d - a +0 club
 e - a +1 dagger
 g - a cursed -3 dagger (weapon)
 j - a +0 club
 k - a +0 short sword
 n - a +0 dagger
Missiles
 f - 61 stones (quivered)
Armour
 a - a +0 robe
 l - a +1 animal skin
 m - a +0 helmet (worn)
Jewellery
 b - a cursed ring of attention (left hand)
Scrolls
 o - a scroll of identify {unknown}
Miscellaneous
 i - a plain deck of escape {drawn: 2}
Comestibles
 c - 2 rations


   Skills:
 + Level 0.1 Fighting
 + Level 0.7 Short Blades
 + Level 2.4 Dodging
 + Level 2.7 Stealth
 + Level 2.9 Spellcasting
 * Level 4.7 Summonings
 * Level 0.1 Invocations


You had 4 spell levels left.
You knew the following spells:

 Your Spells              Type           Power        Failure   Level  Hunger
a - Summon Small Mammal   Summ           ###.         2%          1    #......
b - Call Imp              Summ           ###.....     3%          2    ##.....

Your spell library contained the following spells:

 Spells                   Type           Power        Failure   Level  Hunger
 Call Canine Familiar     Summ           ###.....     8%          3    ###....
 Summon Guardian Golem    Hex/Summ       ##......     21%         3    ###....
 Summon Ice Beast         Ice/Summ       ##......     54%         4    #####..
 Summon Lightning Spire   Summ/Air       ##......     54%         4    #####..


Dungeon Overview and Level Annotations

Branches:
Dungeon (3/15)

Altars:
Nemelex Xobeh

Annotations:
D:2 Natasha
D:3 Grinder


Innate Abilities, Weirdness & Mutations

You are small and have problems with some larger weapons.
You are carnivorous and can eat meat at any time.


Message History

The quokka barely misses you. The quokka bites you.
You barely miss the quokka. The quokka bites you.
You hit the quokka but do no damage. The quokka misses you.
Your crimson imp barely misses the quokka.
You hit the quokka but do no damage. The quokka barely misses you.
Your crimson imp completely misses the quokka.
The quokka bites you.
You closely miss the quokka.
Your crimson imp hits the quokka.
The quokka bites you.
* * * LOW HITPOINT WARNING * * *
Your crimson imp blinks!
The quokka barely misses you. The quokka barely misses you.
Your crimson imp blinks!
Casting: Call Imp (safe; 3% risk of failure)
Confirm with . or Enter, or press ? or * to list all spells.
A beastly little devil appears in a puff of flame.
The quokka bites you.
You die...
Your body disappears without a glow.

.......... ...
###..#..#...# ...
...........#. ...
............ ...
.......... .
#.####...5#..#
...#............#
.....5.......#..##.
.......@r..........
...................
......#.#..#.......
...................
...................
...........#..#.###
.#..#.#.##........
#..#.#........... #
####.##.#.##


You could see a quokka and 2 friendly crimson imps.

Vanquished Creatures
  4 rats
4 creatures vanquished.

Vanquished Creatures (collateral kills)
  Robin (D:2)
  An adder (D:3)
  2 oozes
  A worm (D:2)
  A dart slug (D:1)
  A leopard gecko (D:2)
  2 bats (D:1)
  14 goblins
  5 hobgoblins
  3 jackals (D:1)
  A kobold (D:2)
  A frilled lizard (D:2)
  2 rats (D:1)
35 creatures vanquished.

Vanquished Creatures (others)
  A goblin (D:2)
1 creature vanquished.

Grand Total: 40 creatures vanquished

Notes
Turn   | Place    | Note
-------+----------+-------------------------------------------
     0 | D:1      | KyallowQueen the Kobold Summoner began the quest for the
                  | Orb.
     0 | D:1      | Reached XP level 1. HP: 10/10 MP: 3/3
    98 | D:2      | Found a sparkling altar of Nemelex Xobeh.
   102 | D:2      | Became a worshipper of Nemelex Xobeh the Trickster
   354 | D:2      | Noticed Natasha
   404 | D:1      | Reached XP level 2. HP: 10/15 MP: 1/5
   451 | D:1      | Learned a level 2 spell: Call Imp
   549 | D:1      | Received a gift from Nemelex Xobeh
   583 | D:1      | You fall through a shaft!
   692 | D:2      | Reached XP level 3. HP: 10/19 MP: 2/6
   825 | D:2      | Noticed Robin
   868 | D:3      | Noticed Grinder
  1024 | D:2      | Killed Robin
  1100 | D:3      | You fall through a shaft!
  1245 | D:4      | Slain by a quokka

Action                   || total
-------------------------++-------
Melee: Dagger            ||    64
 Cast: Summon Small Mamm ||    22
       Call Imp          ||    20
Evoke: Deck              ||     2
  Use: Scroll            ||     6
       Potion            ||     1
 Stab: Sleeping          ||     1
  Eat: Chunk             ||     8
Armor: Robe              ||     8
       Animal skin       ||     1
Dodge: Dodged            ||    78
